 Dungeon Crawl Stone Soup version 0.31.0-11-ge490571c62 (webtiles) character file.

Game seed: 16594300060980676771

17065 Ekaitz the Zephyrmancer (level 12, -5/71 HPs)
             Began as a Tengu Air Elementalist on Feb 9, 2024.
             Was a Believer of Vehumet.
             Slain by a catoblepas (27 damage)
             ... on level 3 of the Lair of Beasts on Feb 10, 2024.
             The game lasted 00:34:14 (14595 turns).

Ekaitz the Zephyrmancer (Tengu Air Elementalist)   Turns: 14595, Time: 00:34:14

Health: -5/71      AC:  5    Str:  8    XL:     12   Next: 44%
Magic:  9/25       EV: 34    Int: 18    God:    Vehumet [**....]
Gold:   528        SH:  0    Dex: 18    Spells: 15/28 levels left

rFire   . . .        a - +4 dagger (flame)
rCold   . . .        (no shield)
rNeg    . . .        L - +0 troll leather armour
rPois   .            (helmet restricted)
rElec   .            C - +0 cloak
rCorr   .            g - +0 pair of gloves
SInv    .            (boots unavailable)
Will    .....        R - amulet of regeneration
Stlth   +++          (no ring)
HPRegen 1.91/turn    (no ring)
MPRegen 0.19/turn

%: acrobat
@: acrobatic, flying
A: beak, talons 3, evasive flight, acrobatic
a: Renounce Religion


You were on level 3 of the Lair of Beasts.
You worshipped Vehumet.
Vehumet was pleased with you.
You visited 3 branches of the dungeon, and saw 14 of its levels.

You collected 683 gold pieces.
You spent 155 gold pieces at shops.

Inventory:

Hand Weapons
 a - a +4 dagger of flaming (weapon)
 x - a +1 orcbow of freezing
 y - a +5 long sword
 G - a +2 long sword of flaming
Missiles
 k - 16 poisoned darts
 J - 3 curare-tipped darts
Armour
 g - a +0 pair of gloves (worn)
 C - a +0 cloak (worn)
 L - a +0 troll leather armour (worn)
Magical Staves
 c - a staff of conjuration
Jewellery
 R - an amulet of regeneration (around neck)
Talismans
 p - a maw talisman
Wands
 e - a wand of light (3)
 l - a wand of mindburst (16)
 A - a wand of roots (17)
 E - a wand of charming (10)
 N - a wand of flame (8)
Scrolls
 f - 2 scrolls of poison {unknown}
 h - 2 scrolls of fear {unknown}
 i - 4 scrolls of teleportation
 m - 3 scrolls of blinking {unknown}
 n - 7 scrolls of identify
 o - 2 scrolls of amnesia {unknown}
 q - 3 scrolls of acquirement {unknown}
 s - 3 scrolls of enchant armour
 t - a scroll of silence {unknown}
 v - 3 scrolls of revelation {unknown}
 M - a scroll of immolation {unknown}
Potions
 b - a potion of magic
 d - 5 potions of curing
 j - 2 potions of haste {unknown}
 r - a potion of ambrosia {unknown}
 u - 3 potions of attraction {unknown}
 w - a potion of mutation
 K - 2 potions of heal wounds
 O - a potion of brilliance
 Q - a potion of enlightenment


   Skills:
 * Level 6.9 Fighting
 + Level 2.2 Short Blades
 + Level 0.3(1.4) Long Blades
 + Level 0.5 Armour
 * Level 7.7 Dodging
 + Level 3.9 Stealth
 + Level 8.5 Spellcasting
 * Level 10.9 Conjurations
 * Level 14.4 Air Magic
 * Level 4.7 Alchemy


You had 15 spell levels left.
You knew the following spells:

 Your Spells              Type           Power      Damage    Failure   Level
a - Shock                 Conj/Air       100%       1d9       1%          1
b - Static Discharge      Conj/Air       100%       3-8/arc   1%          2
c - Swiftness             Air            56%        N/A       1%          3
d - Airstrike             Air            28%        2d(4-20)  1%          4
e - Mephitic Cloud        Conj/Alch/Air  43%        N/A       1%          3

Your spell library contained the following spells:

 Spells                   Type           Power      Damage    Failure   Level
 Momentum Strike          Conj/Tloc      54%        3d9       1%          2
 Dazzling Flash           Conj/Hex       54%        N/A       4%          3
 Hailstorm                Conj/Ice       27%        3d8       4%          3
 Freeze                   Ice            28%        1d5       13%         1
 Silence                  Hex/Air        16%        N/A       19%         5
 Frozen Ramparts          Ice            14%        1d3       36%         3
 Leda's Liquefaction      Alch/Erth      8%         N/A       43%         4
 Petrify                  Alch/Erth      16%        N/A       43%         4
 Curse of Agony           Necr           7%         N/A       98%         5
 Metabolic Englaciation   Hex/Ice        3%         N/A       98%         5


Dungeon Overview and Level Annotations

Branches:
Dungeon (10/15)            Temple (1/1) D:7            Lair (3/5) D:9
 Spider (0/4) Lair:3          Orc (0/2) D:10
  Swamp: Lair:2-3    Shoals: Lair:2-3

Altars:
Ashenzari
Cheibriados
Dithmenos
Elyvilon
Fedhas
Gozag
Hepliaklqana
Kikubaaqudgha
Makhleb
Nemelex Xobeh
Okawaru
Qazlal
Ru
Sif Muna
Trog
Uskayaw
Vehumet
Wu Jian
Xom
Yredelemnul
Zin
The Shining One

Shops:
D:2 (   D:5 =:   D:6 *

Annotations:
D:6 3 runed translucent doors, LoggersVIII's ghost, novice OpEE


Innate Abilities, Weirdness & Mutations

You have a beak for a mouth.
You have claws for feet.
Your magical flight helps you evade attacks. (EV +4)
You can magically evade attacks while moving or waiting.


Message History

You hit the catoblepas but do no damage.
You punch the catoblepas, but do no damage.
The catoblepas is severely wounded.
The catoblepas gores you but does no damage.
Unknown command.
Casting: Airstrike (safe; 1% risk of failure)
Confirm with . or Enter, or press ? or * to list all spells.
Aiming: Airstrike (safe; 1% risk of failure)
Press: ? - help, Dir - move target, f/p - manticore
Aim: a manticore (lightly wounded, confused, empty space bonus: 8/8)
The air twists around and strikes the manticore!!
The manticore is severely wounded.
The catoblepas breathes a plume of calcifying dust at you.
The blast of calcifying dust hits you!
The catoblepas breathes a plume of calcifying dust at you.
The blast of calcifying dust hits you!
Unknown command.
Unknown command.
Casting: Airstrike (safe; 1% risk of failure)
Confirm with . or Enter, or press ? or * to list all spells.
Aiming: Airstrike (safe; 1% risk of failure)
Press: ? - help, Dir - move target, f - catoblepas, p - manticore
Aim: a catoblepas (calcifying dust, severely wounded, empty space bonus: 7/8)
The air twists around and strikes the catoblepas.
The catoblepas is severely wounded.
The manticore seems less confused.
The catoblepas gores you!!
* * * LOW HITPOINT WARNING * * *
Unknown command.
The catoblepas attacks as it pursues you!
The catoblepas completely misses you.
The manticore flicks its tail.
The volley of spikes misses you.
Casting: Airstrike (safe; 1% risk of failure)
Confirm with . or Enter, or press ? or * to list all spells.
Okay, then.
The manticore flicks its tail.
The volley of spikes misses you.
The catoblepas attacks as it pursues you!
The catoblepas gores you!!
You die...

###...................
#...................
##..................
#..<................
##..................
##P.#.#.............
#...####............ #
######..# ####P#.....## ..
##..Y##@.#### #####....#
$~~###~~).#.Y..#P## ######...
~..≈.≈..~.#.......###.# #...
~.......~##.........#.#####..
#≈.~~~.≈##.H..........#..# #.
+..~<~..'........>......## #
#≈.~~~.≈##..............#####
~.......~##..............##..
~..≈.≈..~.#..................


You could see a catoblepas and a manticore.

Vanquished Creatures
  A catoblepas (Lair:3)
  A two-headed ogre (D:9)
  Sonja (D:10)
  A skyshark (Lair:2)
  2 manticores
  A black mamba (Lair:2)
  A gargoyle (D:10)
  3 cane toads
  A rime drake (Lair:2)
  5 komodo dragons
  2 hornets (D:9)
  2 trolls
  2 polar bears (Lair:3)
  12 blink frogs
  A vampire (D:9)
  14 yaks
  3 wyverns
  An acid dragon (D:10)
  7 water moccasins
  7 orc warriors
  A swamp drake (D:10)
  2 ice beasts
  2 black bears
  2 ogres
  3 wolves (D:10)
  2 centaurs
  2 phantoms
  A kobold brigand (D:9)
  6 scorpions
  2 bullfrogs
  7 wights
  6 killer bees (D:8)
  A howler monkey (D:9)
  3 bombardier beetles
  4 jellies
  3 hounds
  10 orc priests
  5 iguanas
  11 orc wizards
  An adder (D:3)
  10 gnolls
  4 shadow imps
  4 ufetubi
  A ribbon worm (D:3)
  2 dart slugs
  48 orcs
  5 endoplasms
  5 giant cockroaches
  3 goblins
  7 hobgoblins
  7 jackals
  4 quokkas
  6 ball pythons
  4 bats
  2 frilled lizards
  13 kobolds
  4 rats
271 creatures vanquished.

Notes
Turn   | Place    | Note
-------+----------+-------------------------------------------
     0 | D:1      | Ekaitz the Tengu Air Elementalist began the quest for the
                  | Orb.
     0 | D:1      | Reached XP level 1. HP: 10/10 MP: 4/4
   433 | D:1      | Reached XP level 2. HP: 15/15 MP: 1/6
   436 | D:1      | Learned a level 2 spell: Static Discharge
  1200 | D:1      | Reached XP level 3. HP: 20/20 MP: 2/7
  1204 | D:1      | Learned a level 3 spell: Swiftness
  1604 | D:2      | Found Yrosereh's Weapon Boutique.
  1955 | D:2      | Reached XP level 4. HP: 18/24 MP: 4/9
  2162 | D:2      | Reached skill level 1 in Fighting
  2162 | D:2      | Reached skill level 5 in Air Magic
  2659 | D:3      | Reached XP level 5. HP: 29/29 MP: 0/10
  2773 | D:3      | Found an opulent altar of Gozag.
  3095 | D:3      | Reached XP level 6. HP: 35/35 MP: 3/11
  3160 | D:3      | Learned a level 4 spell: Airstrike
  3449 | D:4      | Reached skill level 6 in Air Magic
  3948 | D:5      | Entered Level 5 of the Dungeon
  3982 | D:5      | Found Kirgh's Book Emporium.
  4073 | D:5      | Gained mutation: Your magical flight helps you evade
                  | attacks. (EV +4) [Tengu growth]
  4073 | D:5      | Reached XP level 7. HP: 40/40 MP: 7/13
  4243 | D:5      | Reached skill level 5 in Conjurations
  4385 | D:5      | Reached skill level 7 in Air Magic
  4526 | D:5      | Found Dianosk's Jewellery Shoppe.
  4553 | D:5      | Found a broken altar of Ashenzari.
  4568 | D:5      | Reached XP level 8. HP: 45/45 MP: 8/15
  4664 | D:5      | Found a shimmering altar of Xom.
  5125 | D:5      | Found a burning altar of Makhleb.
  5568 | D:6      | Found Piezy's General Store.
  5569 | D:6      | Noticed a troll
  5666 | D:6      | Reached skill level 8 in Air Magic
  5927 | D:6      | Found a runed translucent gate.
  5929 | D:6      | Found a runed translucent gate.
  5931 | D:6      | Found a runed translucent gate.
  5931 | D:6      | Noticed a spectral unseen horror
  5933 | D:6      | Noticed LoggersVIII's ghost (novice OpEE)
  5979 | D:6      | Killed a troll
  5980 | D:6      | Reached skill level 5 in Spellcasting
  5980 | D:6      | Reached XP level 9. HP: 52/52 MP: 10/17
  6042 | D:6      | Bought a scroll of enchant armour for 75 gold pieces
  6042 | D:6      | Bought a potion of mutation for 80 gold pieces
  6160 | D:6      | Found an iron altar of Okawaru.
  6424 | D:7      | Found a blossoming altar of Fedhas.
  6442 | D:7      | Reached skill level 9 in Air Magic
  6485 | D:7      | Learned a level 3 spell: Mephitic Cloud
  6823 | D:7      | Found a staircase to the Ecumenical Temple.
  6852 | Temple   | Entered the Ecumenical Temple
  7290 | D:8      | Identified the +0 robe "Jaranakh" {Int+4}
  7421 | D:8      | Noticed a manticore
  7427 | D:8      | Killed a manticore
  7428 | D:8      | Reached skill level 5 in Dodging
  7428 | D:8      | Reached skill level 1 in Alchemy
  7710 | D:8      | Found an ornate altar of the Wu Jian Council.
  7722 | D:8      | Reached skill level 10 in Air Magic
  7736 | D:8      | Found an ancient bone altar of Kikubaaqudgha.
  7743 | D:8      | Found a sacrificial altar of Ru.
  7744 | D:8      | Found a white marble altar of Elyvilon.
  7746 | D:8      | Found a radiant altar of Vehumet.
  7754 | D:8      | Became a worshipper of Vehumet
  7963 | D:8      | Reached XP level 10. HP: 47/58 MP: 13/20
  8302 | D:9      | Reached skill level 5 in Fighting
  8549 | D:9      | Noticed a +0 spear
  8553 | D:9      | Noticed a +0 short sword
  8554 | D:9      | Noticed a +0 spear
  8554 | D:9      | Noticed a +0 falchion
  8555 | D:9      | Noticed a +0 falchion
  8555 | D:9      | Noticed a +0 dagger
  8555 | D:9      | Noticed a +0 short sword
  8555 | D:9      | Noticed a +0 dagger
  8575 | D:9      | Found a hide-covered altar of Uskayaw.
  9255 | D:9      | Found a staircase to the Lair.
  9660 | D:9      | Noticed a two-headed ogre
  9680 | D:9      | Killed a two-headed ogre
  9681 | D:9      | Reached skill level 1 in Short Blades
  9681 | D:9      | Reached skill level 11 in Air Magic
  9681 | D:9      | Reached * piety under Vehumet
  9681 | D:9      | Offered knowledge of Freeze by Vehumet.
 10032 | D:10     | Entered Level 10 of the Dungeon
 10038 | D:10     | Noticed a gargoyle
 10042 | D:10     | Killed a gargoyle
 10154 | D:10     | Noticed Sonja
 10465 | D:10     | Found a staircase to the Orcish Mines.
 10566 | D:10     | Reached XP level 11. HP: 64/64 MP: 14/22
 10988 | D:10     | Found a glowing golden altar of the Shining One.
 11016 | D:10     | Killed Sonja
 11017 | D:10     | Reached skill level 12 in Air Magic
 11577 | Lair:1   | Entered Level 1 of the Lair of Beasts
 12041 | Lair:1   | Reached skill level 10 in Conjurations
 12405 | Lair:2   | HP: 2/64 [poisoned by a black mamba]
 12555 | Lair:2   | Identified the +1 pair of boots "Irabekh" {rF+ Int+3}
 12676 | Lair:2   | Noticed a skyshark
 12694 | Lair:2   | Killed a skyshark
 12695 | Lair:2   | Reached skill level 13 in Air Magic
 12761 | Lair:2   | Reached ** piety under Vehumet
 12872 | Lair:2   | Offered knowledge of Kiss of Death by Vehumet.
 13243 | Lair:2   | Reached XP level 12. HP: 71/71 MP: 12/25
 13636 | Lair:2   | Reached skill level 14 in Air Magic
 14063 | Lair:3   | Found a hole to the Spider Nest.
 14533 | Lair:3   | Noticed a catoblepas
 14556 | Lair:3   | Noticed a catoblepas
 14559 | Lair:3   | Killed a catoblepas
 14559 | Lair:3   | Offered knowledge of Momentum Strike by Vehumet.
 14595 | Lair:3   | Slain by a catoblepas

Illustrated notes

Levels and vault maps discovered:
D:1:      matt_arrival_grand_opening, layout_basic,
          nicolae_concentric_dashed_squares_mild
D:2:      layout_loops_ring, serial_shops, nicolae_shop_bloodbath_and_beyond
D:3:      layout_rooms, nicolae_gozag_cash_rules_everything_around_me,
          dreamdust_mushroom_princess
D:4:      layout_rooms
D:5:      minmay_general_purpose_star, layout_rooms, lemuel_tele_altar,
          mainiacjoe_overflow_boulevard, xom_teletrap_fun, serial_shops, shop,
          nicolae_take_the_stairs, kennysheep_pointless_box
D:6:      layout_basic, kennysheep_okawaru_gauntlet, serial_rivers,
          chequers_serial_rivers_micro_c, chequers_serial_rivers_micro_c,
          chequers_serial_rivers_room_a, chequers_serial_rivers_micro_a,
          chequers_serial_rivers_marsh, chequers_serial_rivers_large_b,
          gammafunk_ghost_necromancy, serial_shops, nicolae_shop_statue_plus,
          minmay_microvault
D:7:      layout_basic, mainiacjoe_overflow_brackets,
          minmay_temple_entry_statues_pillars
D:8:      layout_loops_ring, grunt_temple_overflow_open, minmay_misc_feat_tiny
D:9:      layout_layer_cave, nicolae_uskayaw_en_pointe, dpeg_oklobed_lair
D:10:     layout_small_grid, kennysheep_mini_moat, erik_orc_1,
          nrook_loot_triangle, chequers_hall_statues_wall_a,
          hangedman_decor_peaks_small, uniq_sonja, uniq_grum
Temple:   kb_temple_of_zot
Lair:1:   layout_hall_layers
Lair:2:   layout_chaotic_city, chequers_serial_rivers_micro_a
Lair:3:   nzn_motion_control, layout_cave_pods, palyth_hydra_swamp_entry,
          spider_nest_entry_web_field

Skill      XL: |  1  2  3  4  5  6  7  8  9 10 11 12 |
---------------+-------------------------------------+-----
Conjurations   | 2 3 4 5 7 8 9 10 | 10.9
Fighting       | 1 2 3 4 5 6 |  6.9
Air Magic      | 5 6 7 8 10 11 13 14 | 14.4
Spellcasting   | 3 4 5 6 7 8 |  8.5
Dodging        | 3 4 5 6 7 |  7.7
Alchemy        | 1 2 4 |  4.7
Short Blades   | 1 2 |  2.2
Stealth        | 3 |  3.9
Long Blades    | |  0.3
Armour         | |  0.5

Action                     |  1- 3 |  4- 6 |  7- 9 | 10-12 || total
---------------------------+-------+-------+-------+-------++-------
  Melee: Unarmed           |       |     1 |     3 |       ||     4
         Dagger            |       |       |    24 |   126 ||   150
         Kick              |       |       |     8 |    75 ||    83
         Peck              |       |       |     5 |    32 ||    37
         Punch             |       |       |       |     5 ||     5
         Long sword        |       |       |       |    28 ||    28
   Cast: Shock             |    80 |   118 |   202 |    87 ||   487
         Static Discharge  |       |     7 |    19 |    23 ||    49
         Airstrike         |       |       |    19 |    95 ||   114
         Mephitic Cloud    |       |       |     1 |    19 ||    20
    Use: Scroll            |       |       |     1 |     5 ||     6
         Potion            |       |       |       |     1 ||     1
   Stab: Confused          |       |       |     2 |    16 ||    18
         Sleeping          |       |       |       |     2 ||     2
 Armour: Robe              |    15 |    17 |    58 |    72 ||   162
         Troll leather arm |       |       |       |    43 ||    43
  Dodge: Dodged            |    43 |    40 |    87 |   166 ||   336
